Map: Dusk Towers

Players

Miszu

  • Race: Terran Terran
  • League: Master

IIIIIIIIIIII - Winner!

  • Race: Protoss Protoss
  • League: Grandmaster

VOD

Have the link to the VOD?

Description

Time

  • Played on: March 22, 2016, 2:08 p.m.
  • Length: 8:11
Show
View Real Time Build Order
Export as new Build Order

Miszu Terran 

Build Orders: Hellion Opening, Reaper Expand, Mech 

Get SALT Encoding   

  12  0:01  SCV  
  13  0:13  SCV  
  14  0:18  Supply Depot  
  14  0:25  SCV  
  15  0:39  SCV  
  15  0:42  Barracks  
  16  0:46  Refinery  
  16  0:52  SCV  
  17  1:04  SCV  
  18  1:16  SCV  
  19  1:28  Orbital Command  
  19  1:31  Reaper  
  20  1:54  Command Center, SCV  
  20  1:55  Supply Depot  
  21  2:02  Marine  
  21  2:07  Factory  
  22  2:09  SCV  
  22  2:12  Refinery  
  23  2:21  SCV  
  24  2:31  Barracks Reactor  
  24  2:33  SCV  
  25  2:45  SCV  
  26  2:53  Factory  
  26  2:57  SCV  
  27  3:05  Orbital Command  
  27  3:09  SCV  
  28  3:14  Hellion x2  
  32  3:21  SCV  
  32  3:22  Barracks Reactor  
  33  3:31  SCV  
  33  3:33  SCV  
  34  3:35  Factory, Hellion  
  34  3:36  Hellion  
  38  3:41  Supply Depot  
  38  3:43  SCV  
  38  3:45  SCV  
  40  3:55  SCV  
  41  3:57  Hellion x2  
  41  3:59  SCV  
  46  4:07  SCV, Armory  
  47  4:10  Hellion x2  
  47  4:11  SCV  
  47  4:14  Supply Depot  
  52  4:19  SCV  
  52  4:20  Factory Tech Lab  
  52  4:23  SCV  
  54  4:26  Hellion  
  54  4:34  Hellion  
  54  4:35  SCV  
  54  4:36  Hellion x2  
  55  4:41  SCV  
  55  4:42  Hellion, Infernal Pre-Igniter  
  58  4:47  Hellion  
  60  4:53  Supply Depot  
  60  4:55  Supply Depot  
  60  4:56  Hellion  
  62  5:14  SCV x2  
  62  5:15  Hellion x2  
  62  5:19  Supply Depot  
  62  5:20  Supply Depot, Hellion  
  70  5:23  Terran Vehicle Weapons Level 1  
  70  5:25  Command Center  
  70  5:26  SCV x2  
  72  5:32  Hellion  
  72  5:33  Hellion  
  72  5:38  SCV x2  
  72  5:39  Hellion  
  72  5:40  Hellion  
  72  5:42  Hellion  
  80  5:48  Supply Depot  
  80  5:49  Supply Depot  
  80  5:51  SCV  
  80  5:54  Hellion x2  
  85  5:57  SCV  
  85  5:58  Supply Depot  
  85  6:00  Hellion  
  85  6:03  SCV  
  85  6:04  Hellion x2  
  91  6:06  Hellion  
  91  6:09  SCV  
  94  6:16  Supply Depot  
  94  6:19  Hellion x2  
  94  6:23  SCV  
  94  6:24  SCV  
  94  6:25  Hellion x2  
  104  6:28  Refinery  
  104  6:29  Refinery  
  104  6:30  Supply Depot  
  104  6:36  SCV x2  
  88  6:48  SCV  
  84  6:54  Hellion x4  
  84  6:55  Hellion  
  84  6:56  SCV  
  84  6:57  Orbital Command  
  84  7:00  SCV  
  92  7:09  Factory  
  92  7:10  Factory  
  88  7:15  Hellion  
  88  7:16  Hellion x3, Siege Tank  
  88  7:17  SCV x2  
  99  7:23  Supply Depot, SCV  
  99  7:29  SCV  
  101  7:37  Hellion x3  
  103  7:39  Hellion  
  81  7:52  SCV x2  
  81  7:55  SCV  
Show
View Real Time Build Order
Export as new Build Order

IIIIIIIIIIII Protoss - Winner!

Build Orders: 1 Gate Expand 

Get SALT Encoding   

  12  0:01  Probe (Chrono Boost)  
  13  0:12  Probe (Chrono Boost)  
  14  0:17  Pylon  
  14  0:22  Probe (Chrono Boost)  
  15  0:36  Probe (Chrono Boost)  
  15  0:38  Gateway  
  16  0:46  Probe (Chrono Boost)  
  16  0:47  Assimilator  
  18  0:57  Probe (Chrono Boost)  
  18  1:07  Probe (Chrono Boost)  
  19  1:18  Probe (Chrono Boost)  
  20  1:26  Nexus  
  20  1:35  Cybernetics Core  
  21  1:40  Probe (Chrono Boost)  
  21  1:45  Assimilator  
  21  1:50  Probe (Chrono Boost)  
  22  1:56  Pylon  
  22  2:01  Probe (Chrono Boost)  
  23  2:15  Mothership Core (Chrono Boost)  
  25  2:17  Stalker  
  27  2:26  Warp Gate (Chrono Boost)  
  27  2:33  Probe (Chrono Boost)  
  28  2:38  Probe (Chrono Boost)  
  28  2:43  Probe (Chrono Boost)  
  30  2:47  Adept  
  30  2:48  Probe (Chrono Boost)  
  33  2:54  Probe (Chrono Boost)  
  34  3:00  Robotics Facility, Probe (Chrono Boost)  
  34  3:04  Probe (Chrono Boost)  
  36  3:11  Probe (Chrono Boost)  
  37  3:14  Adept  
  37  3:15  Probe (Chrono Boost)  
  40  3:21  Probe (Chrono Boost)  
  40  3:25  Probe (Chrono Boost)  
  42  3:32  Probe (Chrono Boost)  
  43  3:36  Gateway  
  43  3:37  Gateway  
  43  3:40  Probe (Chrono Boost)  
  44  3:42  Pylon  
  44  3:43  Probe (Chrono Boost)  
  44  3:45  Observer  
  46  3:51  Pylon  
  46  4:00  Stalker (Chrono Boost), Probe x2  
  46  4:01  Assimilator  
  50  4:04  Observer  
  50  4:05  Assimilator  
  50  4:09  Pylon  
  51  4:12  Probe x2  
  53  4:23  Observer  
  53  4:24  Probe x2  
  54  4:36  Probe  
  54  4:37  Probe  
  53  4:39  Nexus  
  53  4:44  Observer  
  53  4:46  Twilight Council  
  53  4:48  Probe  
  53  4:50  Probe  
  56  4:55  Pylon  
  56  5:00  Stalker x2, Probe  
  56  5:02  Probe  
  56  5:04  Stalker  
  64  5:13  Pylon  
  64  5:15  Gateway  
  64  5:23  Blink (Chrono Boost)  
  64  5:24  Probe x2  
  66  5:36  Stalker x2  
  66  5:37  Stalker  
  66  5:39  Warp Prism  
  72  5:46  Probe  
  72  5:49  Probe  
  76  5:57  Gateway  
  76  5:59  Probe  
  76  6:01  Probe  
  76  6:02  Gateway  
  76  6:03  Probe  
  79  6:16  Gateway  
  79  6:18  Stalker  
  79  6:19  Stalker  
  79  6:23  Stalker  
  79  6:41  Stalker  
  79  6:42  Stalker x2  
  70  6:58  Stalker  
  70  6:59  Stalker  
  70  7:00  Stalker  
  76  7:10  Stalker x3  
  76  7:11  Stalker  
  84  7:16  Probe  
  84  7:17  Probe x2  
  84  7:22  Stalker x2  
  91  7:24  Stalker  
  91  7:29  Probe  
  94  7:32  Stalker  
  94  7:34  Stalker x2  
  100  7:47  Stalker  
  100  8:01  Stalker  
  100  8:02  Stalker  
  90  8:10  Stalker x4  
Tags
 
Add a new tag
Caveats
  • Supply blocks, unpowered buildings, or Contaminate may cause inaccurate times.
  • Supply counts are checked every 10 seconds.